Penguins vs Kings

Created - December 19 2010 at 10:19

Goals
1 2 3 T
Penguins 0 0 2 2
Kings 0 0 1 1
Shots
1 2 3 T
Penguins 4 7 9 20
Kings 6 12 3 21

Period #1

No Goal

Penalties :
Brandon Dubinsky (PIT) for Holding (Minor) at 0:14, Pavel Kubina (PIT) for Goalie Interference (Minor) at 2:17, Michael Del Zotto (LOS) for Hooking (Minor) at 4:26, Claude Giroux (PIT) for Tripping (Minor) at 4:26, Michael Del Zotto (LOS) for Hooking (Minor) at 17:20

Period #2

No Goal

Penalties :
Pavel Kubina (PIT) for Hooking (Minor) at 9:59, Craig Adams (LOS) for Hooking (Minor) at 13:05, Brooks Orpik (PIT) for Hooking (Minor) at 17:14

Period #3

1. Kings , Michael Frolik 6 (Jamie McBain, Matt Duchene) at 1:19
2. Penguins , Pavel Datsyuk 18 (Brad Richards, Sami Salo) at 1:50
3. Penguins , Pavel Datsyuk 19 (Brad Richards, Pavel Kubina) at 4:24

Penalties :
Martin Skoula (LOS) for Roughing (Minor) at 8:37

Goalie Stats

Marc-Andre Fleury (PIT), 20 saves from 21 shots - (0.952), W, 20-8-3, 60:00 minutes
Nikolai Khabibulin (LOS), 18 saves from 20 shots - (0.900), L, 8-14-0, 59:31 minutes

Players Stats

Penguins
Player Name              G  A  P  +/- PIM S  H  SB FO    MP 
------------------------------------------------------------
Alex Goligoski           0  0  0  -1  0   0  0  1  0/0   20 
Blair Betts              0  0  0  -1  0   1  0  1  9/19  19 
Brad Richards            0  2  2   2  0   3  0  0  8/17  17 
Brandon Dubinsky         0  0  0   2  2   1  2  0  1/1   13 
Brooks Orpik             0  0  0   0  2   3  2  2  0/0   18 
Claude Giroux            0  0  0   0  2   0  1  0  2/2   10 
Daniel Sedin             0  0  0   0  0   2  0  0  2/2   17 
Henrik Sedin             0  0  0   0  0   5  0  0  13/22 20 
Ian Laperriere           0  0  0  -1  0   1  5  0  0/0   18 
Jason Pominville         0  0  0   0  0   0  2  0  0/0   13 
Joel Ward                0  0  0  -1  0   0  0  1  2/2   18 
Mark Eaton               0  0  0  -1  0   0  2  1  0/0   16 
Nicklas Lidstrom         0  0  0   0  0   0  0  0  0/0   23 
Pavel Datsyuk            2  0  2   2  0   4  0  0  4/7   20 
Pavel Kubina             0  1  1   2  4   0  1  1  0/0   19 
Ryan Smyth               0  0  0   0  0   0  0  0  0/3   10 
Sami Salo                0  1  1   2  0   0  0  1  0/0   18 
Steve Montador           0  0  0   0  0   0  0  0  0/0   1  
Kings
Player Name              G  A  P  +/- PIM S  H  SB FO    MP 
------------------------------------------------------------
Aaron Gagnon             0  0  0   0  0   1  0  0  4/6   8  
Bryan Allen              0  0  0   0  0   1  0  0  0/0   19 
Colton Orr               0  0  0   0  0   0  1  0  0/0   9  
Craig Adams              0  0  0   0  2   1  5  0  0/1   16 
Craig Conroy             0  0  0   0  0   2  1  0  8/14  19 
Daniel Winnik            0  0  0   0  0   2  0  0  2/5   19 
Darroll Powe             0  0  0   0  0   0  3  0  6/16  15 
Ethan Moreau             0  0  0   0  0   1  0  0  1/1   17 
Evgeny Artyukhin         0  0  0   0  0   3  0  0  1/2   14 
Jamie McBain             0  1  1  -1  0   0  1  1  0/0   22 
Kent Huskins             0  0  0   0  0   1  0  1  0/0   20 
Martin Skoula            0  0  0  -1  2   2  5  2  0/0   20 
Matt Duchene             0  1  1  -1  0   2  0  0  10/26 18 
Michael Del Zotto        0  0  0   0  4   0  3  1  0/0   17 
Michael Frolik           1  0  1  -1  0   3  1  1  0/1   16 
Mike Lundin              0  0  0   0  0   0  0  0  0/0   17 
Sean Bergenheim          0  0  0  -1  0   1  0  0  2/3   16 
Sergei Samsonov          0  0  0   0  0   1  0  0  0/0   10 

3 Stars

1 - Pavel Datsyuk (PIT)
2 - Marc-Andre Fleury (PIT)
3 - Brad Richards (PIT)

Power Play

Penguins - 0 on 3 Attempt(s) - 0.00%
Kings - 0 on 4 Attempt(s) - 0.00%

Penalty Kill

Penguins - 4 on 4 Attempt(s) - 100.00% - Score 0 goal in Penalty Kill
Kings - 3 on 3 Attempt(s) - 100.00% - Score 0 goal in Penalty Kill

Game Notes

No Game Note

Finance

Level 1 -- Attendance: 6500 (100.00%) -- Ticket Income $520,000.00
Level 2 -- Attendance: 5000 (100.00%) -- Ticket Income $250,000.00
Level 3 -- Attendance: 2972 (84.91%) -- Ticket Income $104,020.00
Level 4 -- Attendance: 2118 (100.00%) -- Ticket Income $42,360.00
Luxury Box -- Attendance: 771 (77.10%) -- Ticket Income $154,200.00
Game was played at the Staples Center
Total Attendance: 17361 (95.82%)
Total Ticket Income: $1,117,761.00
Other Income: $155,945.10
Total Income: $1,273,706.00


Play by Play

Period #1

0:01 of 1st period - Daniel Sedin wins face-off versus Sean Bergenheim in neutral zone.
0:07 of 1st period - Icing by Martin Skoula.
0:08 of 1st period - Brad Richards wins face-off versus Matt Duchene in Kings zone.
0:14 of 1st period - Minor Penalty to Brandon Dubinsky for Holding.
0:15 of 1st period - Blair Betts wins face-off versus Darroll Powe in Penguins zone.
0:36 of 1st period - Shot by Kent Huskins.
0:36 of 1st period - Stopped by Marc-Andre Fleury without a rebound.
0:37 of 1st period - Blair Betts wins face-off versus Matt Duchene in Penguins zone.
0:48 of 1st period - Shot by Martin Skoula.
0:48 of 1st period - Shot Blocked by Blair Betts.
0:57 of 1st period - Icing by Jamie McBain.
0:58 of 1st period - Pavel Datsyuk wins face-off versus Matt Duchene in Kings zone.
1:53 of 1st period - Shot by Bryan Allen.
1:53 of 1st period - Stopped by Marc-Andre Fleury with a rebound.
2:02 of 1st period - Off-side.
2:03 of 1st period - Matt Duchene wins face-off versus Blair Betts in neutral zone.
2:10 of 1st period - Shot by Jamie McBain.
2:10 of 1st period - Shot Blocked by Pavel Kubina.
2:17 of 1st period - Minor Penalty to Pavel Kubina for Goalie Interference.
2:18 of 1st period - Pavel Datsyuk wins face-off versus Darroll Powe in Penguins zone.
2:18 of 1st period - Pavel Datsyuk is hit by Darroll Powe.
2:25 of 1st period - Icing by Ethan Moreau.
2:26 of 1st period - Blair Betts wins face-off versus Daniel Winnik in Kings zone.
3:02 of 1st period - Shot by Martin Skoula.
3:02 of 1st period - Stopped by Marc-Andre Fleury without a rebound.
3:03 of 1st period - Matt Duchene wins face-off versus Pavel Datsyuk in Penguins zone.
3:11 of 1st period - Icing by Michael Frolik.
3:12 of 1st period - Pavel Datsyuk wins face-off versus Matt Duchene in Kings zone.
3:29 of 1st period - Shot by Matt Duchene.
3:29 of 1st period - Shot Blocked by Alex Goligoski.
3:55 of 1st period - Shot by Ethan Moreau.
3:55 of 1st period - Stopped by Marc-Andre Fleury without a rebound.
3:56 of 1st period - Matt Duchene wins face-off versus Pavel Datsyuk in Penguins zone.
4:26 of 1st period - Minor Penalty to Michael Del Zotto for Hooking.
4:26 of 1st period - Minor Penalty to Claude Giroux for Tripping.
4:27 of 1st period - Daniel Winnik wins face-off versus Brad Richards in Kings zone.
5:24 of 1st period - Shot by Matt Duchene.
5:24 of 1st period - Stopped by Marc-Andre Fleury without a rebound.
5:25 of 1st period - Henrik Sedin wins face-off versus Michael Frolik in Penguins zone.
6:16 of 1st period - Henrik Sedin is hit by Martin Skoula and loses puck.
6:34 of 1st period - Shot by Daniel Winnik.
6:34 of 1st period - Shot Misses the Net.
6:44 of 1st period - Kent Huskins is hit by Ian Laperriere and loses puck.
7:22 of 1st period - Evgeny Artyukhin is hit by Brooks Orpik and loses puck.
8:02 of 1st period - Shot by Aaron Gagnon.
8:02 of 1st period - Stopped by Marc-Andre Fleury with a rebound.
8:28 of 1st period - Daniel Winnik is hit by Claude Giroux and loses puck.
10:19 of 1st period - Icing by Aaron Gagnon.
10:20 of 1st period - Henrik Sedin wins face-off versus Aaron Gagnon in Kings zone.
12:01 of 1st period - Icing by Nicklas Lidstrom.
12:02 of 1st period - Claude Giroux wins face-off versus Darroll Powe in Penguins zone.
13:38 of 1st period - Ethan Moreau is hit by Ian Laperriere and loses puck.
14:39 of 1st period - Shot by Jason Pominville.
14:39 of 1st period - Shot Misses the Net.
14:43 of 1st period - Shot by Henrik Sedin.
14:43 of 1st period - Stopped by Nikolai Khabibulin without a rebound.
14:44 of 1st period - Aaron Gagnon wins face-off versus Blair Betts in Kings zone.
15:10 of 1st period - Shot by Mark Eaton.
15:10 of 1st period - Shot Misses the Net.
15:17 of 1st period - Off-side.
15:18 of 1st period - Craig Conroy wins face-off versus Henrik Sedin in neutral zone.
15:24 of 1st period - Icing by Sami Salo.
15:25 of 1st period - Henrik Sedin wins face-off versus Craig Conroy in Penguins zone.
15:30 of 1st period - Sami Salo is hit by Craig Adams and loses puck.
15:51 of 1st period - Michael Del Zotto is hit by Jason Pominville and loses puck.
16:24 of 1st period - Shot by Brad Richards.
16:24 of 1st period - Stopped by Nikolai Khabibulin without a rebound.
16:25 of 1st period - Brad Richards wins face-off versus Matt Duchene in Kings zone.
17:14 of 1st period - Ryan Smyth is hit by Michael Del Zotto.
17:20 of 1st period - Shot by Henrik Sedin.
17:20 of 1st period - Stopped by Nikolai Khabibulin without a rebound.
17:20 of 1st period - Minor Penalty to Michael Del Zotto for Hooking.
17:21 of 1st period - Brad Richards wins face-off versus Daniel Winnik in Kings zone.
18:00 of 1st period - Icing by Henrik Sedin.
18:01 of 1st period - Matt Duchene wins face-off versus Henrik Sedin in Penguins zone.
18:58 of 1st period - Shot by Blair Betts.
18:58 of 1st period - Shot Misses the Net.
19:00 of 1st period - Shot by Brooks Orpik.
19:00 of 1st period - Stopped by Nikolai Khabibulin without a rebound.
19:01 of 1st period - Brandon Dubinsky wins face-off versus Matt Duchene in Kings zone.
19:11 of 1st period - Off-side.
19:12 of 1st period - Matt Duchene wins face-off versus Ryan Smyth in neutral zone.
19:33 of 1st period - Shot by Joel Ward.
19:33 of 1st period - Shot Misses the Net.
19:37 of 1st period - Shot by Joel Ward.
19:37 of 1st period - Shot Misses the Net.
19:39 of 1st period - Shot by Blair Betts.
19:39 of 1st period - Shot Blocked by Michael Frolik.
19:46 of 1st period - Joel Ward is hit by Michael Del Zotto and loses puck.

Period #2

0:01 of 2nd period - Henrik Sedin wins face-off versus Matt Duchene in neutral zone.
0:07 of 2nd period - Icing by Nicklas Lidstrom.
0:08 of 2nd period - Darroll Powe wins face-off versus Henrik Sedin in Penguins zone.
0:18 of 2nd period - Off-side.
0:19 of 2nd period - Brad Richards wins face-off versus Matt Duchene in neutral zone.
0:38 of 2nd period - Shot by Pavel Datsyuk.
0:38 of 2nd period - Stopped by Nikolai Khabibulin without a rebound.
0:39 of 2nd period - Henrik Sedin wins face-off versus Darroll Powe in Kings zone.
0:40 of 2nd period - Shot by Daniel Sedin.
0:40 of 2nd period - Shot Misses the Net.
0:56 of 2nd period - Shot by Ethan Moreau.
0:56 of 2nd period - Shot Hit the Post.
1:00 of 2nd period - Shot by Darroll Powe.
1:00 of 2nd period - Shot Misses the Net.
1:02 of 2nd period - Shot by Daniel Winnik.
1:02 of 2nd period - Stopped by Marc-Andre Fleury without a rebound.
1:03 of 2nd period - Blair Betts wins face-off versus Craig Conroy in Penguins zone.
1:16 of 2nd period - Shot by Blair Betts.
1:16 of 2nd period - Shot Misses the Net.
1:24 of 2nd period - Shot by Ian Laperriere.
1:24 of 2nd period - Stopped by Nikolai Khabibulin without a rebound.
1:25 of 2nd period - Matt Duchene wins face-off versus Brad Richards in Kings zone.
1:52 of 2nd period - Shot by Michael Frolik.
1:52 of 2nd period - Stopped by Marc-Andre Fleury with a rebound.
1:54 of 2nd period - Shot by Sean Bergenheim.
1:54 of 2nd period - Stopped by Marc-Andre Fleury without a rebound.
1:55 of 2nd period - Henrik Sedin wins face-off versus Darroll Powe in Penguins zone.
2:02 of 2nd period - Shot by Henrik Sedin.
2:02 of 2nd period - Stopped by Nikolai Khabibulin without a rebound.
2:03 of 2nd period - Craig Conroy wins face-off versus Blair Betts in Kings zone.
2:03 of 2nd period - Craig Conroy is hit by Ian Laperriere.
2:54 of 2nd period - Ethan Moreau is hit by Ian Laperriere and loses puck.
3:13 of 2nd period - Shot by Daniel Sedin.
3:13 of 2nd period - Shot Misses the Net.
4:14 of 2nd period - Shot by Brad Richards.
4:14 of 2nd period - Stopped by Nikolai Khabibulin with a rebound.
4:18 of 2nd period - Shot by Pavel Datsyuk.
4:18 of 2nd period - Deflect By Brandon Dubinsky.
4:18 of 2nd period - Shot Blocked by Martin Skoula.
4:41 of 2nd period - Icing by Sean Bergenheim.
4:42 of 2nd period - Matt Duchene wins face-off versus Blair Betts in Kings zone.
4:55 of 2nd period - Joel Ward is hit by Martin Skoula and loses puck.
5:46 of 2nd period - Shot by Craig Adams.
5:46 of 2nd period - Stopped by Marc-Andre Fleury without a rebound.
5:47 of 2nd period - Henrik Sedin wins face-off versus Aaron Gagnon in Penguins zone.
5:54 of 2nd period - Shot by Daniel Sedin.
5:54 of 2nd period - Shot Misses the Net.
7:21 of 2nd period - Icing by Nicklas Lidstrom.
7:22 of 2nd period - Henrik Sedin wins face-off versus Evgeny Artyukhin in Penguins zone.
7:27 of 2nd period - Martin Skoula is hit by Jason Pominville and loses puck.
7:34 of 2nd period - Shot by Evgeny Artyukhin.
7:34 of 2nd period - Shot Blocked by Brooks Orpik.
7:36 of 2nd period - Shot by Evgeny Artyukhin.
7:36 of 2nd period - Shot Misses the Net.
7:38 of 2nd period - Shot by Evgeny Artyukhin.
7:38 of 2nd period - Stopped by Marc-Andre Fleury without a rebound.
7:39 of 2nd period - Matt Duchene wins face-off versus Brad Richards in Penguins zone.
8:10 of 2nd period - Shot by Brad Richards.
8:10 of 2nd period - Stopped by Nikolai Khabibulin without a rebound.
8:11 of 2nd period - Blair Betts wins face-off versus Darroll Powe in Kings zone.
8:26 of 2nd period - Shot by Ethan Moreau.
8:26 of 2nd period - Deflect By Daniel Winnik.
8:26 of 2nd period - Stopped by Marc-Andre Fleury without a rebound.
8:27 of 2nd period - Craig Conroy wins face-off versus Brad Richards in Penguins zone.
8:28 of 2nd period - Shot by Evgeny Artyukhin.
8:28 of 2nd period - Stopped by Marc-Andre Fleury without a rebound.
8:29 of 2nd period - Blair Betts wins face-off versus Craig Conroy in Penguins zone.
8:29 of 2nd period - Alex Goligoski is hit by Craig Adams and loses puck.
9:10 of 2nd period - Shot by Martin Skoula.
9:10 of 2nd period - Shot Misses the Net.
9:15 of 2nd period - Michael Frolik is hit by Mark Eaton and loses puck.
9:18 of 2nd period - Shot by Michael Frolik.
9:18 of 2nd period - Shot Blocked by Joel Ward.
9:36 of 2nd period - Shot by Matt Duchene.
9:36 of 2nd period - Shot Misses the Net.
9:40 of 2nd period - Shot by Martin Skoula.
9:40 of 2nd period - Stopped by Marc-Andre Fleury without a rebound.
9:41 of 2nd period - Darroll Powe wins face-off versus Brad Richards in Penguins zone.
9:54 of 2nd period - Shot by Darroll Powe.
9:54 of 2nd period - Deflect By Daniel Winnik.
9:54 of 2nd period - Shot Blocked by Sami Salo.
9:58 of 2nd period - Shot by Kent Huskins.
9:58 of 2nd period - Shot Misses the Net.
9:59 of 2nd period - Minor Penalty to Pavel Kubina for Hooking.
10:00 of 2nd period - Pavel Datsyuk wins face-off versus Darroll Powe in Penguins zone.
10:21 of 2nd period - Off-side.
10:22 of 2nd period - Brad Richards wins face-off versus Matt Duchene in neutral zone.
10:39 of 2nd period - Shot by Matt Duchene.
10:39 of 2nd period - Deflect By Michael Frolik.
10:39 of 2nd period - Stopped by Marc-Andre Fleury without a rebound.
10:40 of 2nd period - Matt Duchene wins face-off versus Pavel Datsyuk in Penguins zone.
12:22 of 2nd period - Shot by Evgeny Artyukhin.
12:22 of 2nd period - Shot Misses the Net.
12:30 of 2nd period - Shot by Henrik Sedin.
12:30 of 2nd period - Shot Blocked by Michael Del Zotto.
12:32 of 2nd period - Shot by Nicklas Lidstrom.
12:32 of 2nd period - Shot Misses the Net.
12:34 of 2nd period - Shot by Henrik Sedin.
12:34 of 2nd period - Deflect By Claude Giroux.
12:34 of 2nd period - Shot Misses the Net.
12:38 of 2nd period - Shot by Ryan Smyth.
12:38 of 2nd period - Deflect By Henrik Sedin.
12:38 of 2nd period - Shot Misses the Net.
12:40 of 2nd period - Shot by Henrik Sedin.
12:40 of 2nd period - Shot Misses the Net.
12:49 of 2nd period - Icing by Michael Del Zotto.
12:50 of 2nd period - Blair Betts wins face-off versus Craig Conroy in Kings zone.
13:05 of 2nd period - Minor Penalty to Craig Adams for Hooking.
13:06 of 2nd period - Sean Bergenheim wins face-off versus Henrik Sedin in Kings zone.
13:36 of 2nd period - Shot by Henrik Sedin.
13:36 of 2nd period - Shot Misses the Net.
14:01 of 2nd period - Icing by Claude Giroux.
14:02 of 2nd period - Brad Richards wins face-off versus Daniel Winnik in Penguins zone.
14:55 of 2nd period - Henrik Sedin is hit by Martin Skoula and loses puck.
15:12 of 2nd period - Shot by Michael Del Zotto.
15:12 of 2nd period - Shot Misses the Net.
15:14 of 2nd period - Shot by Craig Conroy.
15:14 of 2nd period - Deflect By Evgeny Artyukhin.
15:14 of 2nd period - Stopped by Marc-Andre Fleury without a rebound.
15:15 of 2nd period - Aaron Gagnon wins face-off versus Blair Betts in Penguins zone.
15:28 of 2nd period - Sergei Samsonov is hit by Brooks Orpik and loses puck.
15:33 of 2nd period - Shot by Sergei Samsonov.
15:33 of 2nd period - Stopped by Marc-Andre Fleury without a rebound.
15:34 of 2nd period - Craig Conroy wins face-off versus Brad Richards in Penguins zone.
15:39 of 2nd period - Shot by Craig Conroy.
15:39 of 2nd period - Stopped by Marc-Andre Fleury with a rebound.
16:14 of 2nd period - Icing by Mike Lundin.
16:15 of 2nd period - Craig Conroy wins face-off versus Blair Betts in Kings zone.
17:14 of 2nd period - Minor Penalty to Brooks Orpik for Hooking.
17:15 of 2nd period - Joel Ward wins face-off versus Darroll Powe in Penguins zone.
17:15 of 2nd period - Joel Ward is hit by Darroll Powe.
17:40 of 2nd period - Shot by Daniel Winnik.
17:40 of 2nd period - Shot Blocked by Mark Eaton.
17:42 of 2nd period - Shot by Daniel Winnik.
17:42 of 2nd period - Shot Misses the Net.
19:03 of 2nd period - Shot by Daniel Winnik.
19:03 of 2nd period - Shot Misses the Net.
19:33 of 2nd period - Shot by Henrik Sedin.
19:33 of 2nd period - Stopped by Nikolai Khabibulin without a rebound.
19:34 of 2nd period - Aaron Gagnon wins face-off versus Henrik Sedin in Kings zone.
19:51 of 2nd period - Shot by Brooks Orpik.
19:51 of 2nd period - Stopped by Nikolai Khabibulin without a rebound.
19:52 of 2nd period - Evgeny Artyukhin wins face-off versus Blair Betts in Kings zone.

Period #3

0:01 of 3rd period - Henrik Sedin wins face-off versus Matt Duchene in neutral zone.
0:14 of 3rd period - Shot by Daniel Sedin.
0:14 of 3rd period - Stopped by Nikolai Khabibulin without a rebound.
0:15 of 3rd period - Darroll Powe wins face-off versus Brad Richards in Kings zone.
0:15 of 3rd period - Darroll Powe is hit by Brandon Dubinsky.
0:22 of 3rd period - Off-side.
0:23 of 3rd period - Blair Betts wins face-off versus Craig Conroy in neutral zone.
0:23 of 3rd period - Blair Betts is hit by Craig Adams.
0:36 of 3rd period - Ian Laperriere is hit by Michael Del Zotto and loses puck.
1:15 of 3rd period - Icing by Mark Eaton.
1:16 of 3rd period - Matt Duchene wins face-off versus Blair Betts in Penguins zone.
1:19 of 3rd period - Shot by Michael Frolik.
1:19 of 3rd period - Goal by Michael Frolik - Penguins : 0 - Kings : 1.
1:20 of 3rd period - Henrik Sedin wins face-off versus Darroll Powe in neutral zone.
1:20 of 3rd period - Henrik Sedin is hit by Darroll Powe.
1:30 of 3rd period - Off-side.
1:31 of 3rd period - Brad Richards wins face-off versus Matt Duchene in neutral zone.
1:50 of 3rd period - Shot by Pavel Datsyuk.
1:50 of 3rd period - Goal by Pavel Datsyuk - Penguins : 1 - Kings : 1.
1:51 of 3rd period - Darroll Powe wins face-off versus Henrik Sedin in neutral zone.
2:06 of 3rd period - Shot by Bryan Allen.
2:06 of 3rd period - Shot Blocked by Brooks Orpik.
2:56 of 3rd period - Off-side.
2:57 of 3rd period - Craig Conroy wins face-off versus Blair Betts in neutral zone.
3:02 of 3rd period - Blair Betts is hit by Craig Adams and loses puck.
3:19 of 3rd period - Shot by Craig Conroy.
3:19 of 3rd period - Stopped by Marc-Andre Fleury with a rebound.
3:26 of 3rd period - Icing by Mark Eaton.
3:27 of 3rd period - Blair Betts wins face-off versus Matt Duchene in Penguins zone.
3:27 of 3rd period - Blair Betts is hit by Michael Frolik.
4:20 of 3rd period - Shot by Brad Richards.
4:20 of 3rd period - Shot Blocked by Jamie McBain.
4:24 of 3rd period - Shot by Pavel Datsyuk.
4:24 of 3rd period - Goal by Pavel Datsyuk - Penguins : 2 - Kings : 1.
4:25 of 3rd period - Craig Conroy wins face-off versus Henrik Sedin in neutral zone.
4:55 of 3rd period - Shot by Henrik Sedin.
4:55 of 3rd period - Shot Misses the Net.
4:57 of 3rd period - Shot by Brooks Orpik.
4:57 of 3rd period - Stopped by Nikolai Khabibulin with a rebound.
5:19 of 3rd period - Daniel Winnik is hit by Brandon Dubinsky and loses puck.
5:26 of 3rd period - Shot by Pavel Datsyuk.
5:26 of 3rd period - Shot Misses the Net.
5:28 of 3rd period - Shot by Pavel Kubina.
5:28 of 3rd period - Deflect By Pavel Datsyuk.
5:28 of 3rd period - Shot Hit the Post.
6:03 of 3rd period - Joel Ward is hit by Martin Skoula and loses puck.
6:15 of 3rd period - Alex Goligoski is hit by Martin Skoula and loses puck.
6:26 of 3rd period - Shot by Colton Orr.
6:26 of 3rd period - Shot Misses the Net.
6:33 of 3rd period - Sergei Samsonov is hit by Mark Eaton and loses puck.
7:53 of 3rd period - Shot by Daniel Winnik.
7:53 of 3rd period - Shot Misses the Net.
8:07 of 3rd period - Shot by Brandon Dubinsky.
8:07 of 3rd period - Shot Misses the Net.
8:09 of 3rd period - Shot by Brooks Orpik.
8:09 of 3rd period - Shot Blocked by Kent Huskins.
8:36 of 3rd period - Icing by Sean Bergenheim.
8:37 of 3rd period - Daniel Sedin wins face-off versus Matt Duchene in Kings zone.
8:37 of 3rd period - Minor Penalty to Martin Skoula for Roughing.
8:38 of 3rd period - Sean Bergenheim wins face-off versus Henrik Sedin in Kings zone.
9:31 of 3rd period - Shot by Pavel Datsyuk.
9:31 of 3rd period - Stopped by Nikolai Khabibulin without a rebound.
9:32 of 3rd period - Daniel Winnik wins face-off versus Brad Richards in Kings zone.
10:07 of 3rd period - Icing by Pavel Datsyuk.
10:08 of 3rd period - Claude Giroux wins face-off versus Matt Duchene in Penguins zone.
10:50 of 3rd period - Ian Laperriere is hit by Craig Conroy.
11:44 of 3rd period - Icing by Daniel Winnik.
11:45 of 3rd period - Darroll Powe wins face-off versus Henrik Sedin in Kings zone.
11:52 of 3rd period - Shot by Henrik Sedin.
11:52 of 3rd period - Shot Misses the Net.
11:55 of 3rd period - Icing by Kent Huskins.
11:56 of 3rd period - Henrik Sedin wins face-off versus Darroll Powe in Kings zone.
13:14 of 3rd period - Icing by Jamie McBain.
13:15 of 3rd period - Joel Ward wins face-off versus Matt Duchene in Kings zone.
13:24 of 3rd period - Shot by Ian Laperriere.
13:24 of 3rd period - Shot Blocked by Martin Skoula.
13:26 of 3rd period - Shot by Blair Betts.
13:26 of 3rd period - Stopped by Nikolai Khabibulin without a rebound.
13:27 of 3rd period - Henrik Sedin wins face-off versus Craig Conroy in Kings zone.
13:48 of 3rd period - Shot by Henrik Sedin.
13:48 of 3rd period - Stopped by Nikolai Khabibulin without a rebound.
13:49 of 3rd period - Aaron Gagnon wins face-off versus Brad Richards in Kings zone.
14:07 of 3rd period - Shot by Brandon Dubinsky.
14:07 of 3rd period - Stopped by Nikolai Khabibulin without a rebound.
14:08 of 3rd period - Craig Conroy wins face-off versus Blair Betts in Kings zone.
14:08 of 3rd period - Craig Conroy is hit by Ian Laperriere.
15:41 of 3rd period - Ethan Moreau is hit by Pavel Kubina.
16:24 of 3rd period - Brooks Orpik is hit by Jamie McBain and loses puck.
16:29 of 3rd period - Shot by Pavel Datsyuk.
16:29 of 3rd period - Shot Misses the Net.
16:49 of 3rd period - Pavel Datsyuk is hit by Colton Orr and loses puck.
17:41 of 3rd period - Shot by Daniel Sedin.
17:41 of 3rd period - Stopped by Nikolai Khabibulin without a rebound.
17:42 of 3rd period - Darroll Powe wins face-off versus Ryan Smyth in Kings zone.
18:30 of 3rd period - Shot by Michael Frolik.
18:30 of 3rd period - Shot Misses the Net.
18:34 of 3rd period - Shot by Matt Duchene.
18:34 of 3rd period - Stopped by Marc-Andre Fleury without a rebound.
18:35 of 3rd period - Brad Richards wins face-off versus Craig Adams in Penguins zone.
18:51 of 3rd period - Sami Salo is hit by Craig Adams and loses puck.
19:26 of 3rd period - Kings, Nikolai Khabibulin is pulled from the net.
19:37 of 3rd period - Icing by Bryan Allen.
19:38 of 3rd period - Nikolai Khabibulin from Kings was sent back in the game.
19:38 of 3rd period - Ethan Moreau wins face-off versus Ryan Smyth in Kings zone.
19:43 of 3rd period - Kings, Nikolai Khabibulin is pulled from the net.
19:55 of 3rd period - Icing by Jason Pominville.
19:56 of 3rd period - Henrik Sedin wins face-off versus Matt Duchene in Penguins zone.


Output by the SimonT Hockey Simulator (STHS) for Stephane Roy -- Original Page W3C XHTML 1.0 Valid